 Dungeon Crawl Stone Soup version 0.32-a0-666-ge8a8869 (webtiles) character file.

Game seed: 14964858733725179076

27 Meow the Conjurer (level 3, 27/28 HPs)
             Began as a Naga Conjurer on Mar 9, 2024.
             Quit the game on level 1 of the Dungeon.
             The game lasted 00:01:53 (680 turns).

Meow the Conjurer (Naga Conjurer)                    Turns: 680, Time: 00:01:54

Health: 27/28      AC:  2    Str:  9    XL:     3   Next: 10%
Magic:  6/7        EV:  9    Int: 20    God:
Gold:   67         SH:  0    Dex:  9    Spells: 6/7 levels left

rFire   . . .        a - +0 whip
rCold   . . .        (no shield)
rNeg    . . .        c - +0 robe
rPois   +            (no helmet)
rElec   .            (no cloak)
rCorr   .            (no gloves)
SInv    +            (no barding)
Will    .....        (no amulet)
Stlth   ++           (no ring)
HPRegen 0.24/turn    (no ring)
MPRegen 0.10/turn

%: no passive effects
@: very slow
A: AC +1, large, see invisible, deformed body, poison resistance, slowness 2,
spit poison 1, naga tail 1
a: Spit Poison


You were on level 1 of the Dungeon.
You visited 1 branch of the dungeon, and saw 1 of its levels.

You collected 67 gold pieces.

Inventory:

Hand Weapons
 a - a +0 whip (weapon)
Missiles
 d - 5 poisoned darts
 f - 3 throwing nets
 g - 26 stones
Armour
 c - a +0 robe (worn)
Potions
 b - a potion of magic
 e - a potion of curing {unknown}
 h - a potion of might {unknown}
 i - a potion of heal wounds {unknown}


   Skills:
 - Level 1.5 Dodging
 - Level 3.0 Stealth
 + Level 2.7 Spellcasting
 + Level 4.5 Conjurations


You had 6 spell levels left.
You knew the following spells:

 Your Spells              Type           Power      Damage    Failure   Level
a - Magic Dart            Conj           80%        1d7       2%          1

Your spell library contained the following spells:

 Spells                   Type           Power      Damage    Failure   Level
 Searing Ray              Conj           40%        2d5       3%          2
 Hailstorm                Conj/Ice       11%        3d6       17%         3
 Call Imp                 Summ           4%         N/A       22%         2
 Fulminant Prism          Conj/Alch      5%         3d7       50%         4
 Iskenderun's Mystic Bla  Conj/Tloc      11%        2d4       50%         4
 Summon Horrible Things   Summ           1%         N/A       100%        8


Dungeon Overview and Level Annotations

Branches:
Dungeon (1/15)

Altars:


Innate Abilities, Weirdness & Mutations

Your serpentine skin is tough. (AC +1)
You have supernaturally acute eyesight. (SInv)
Armour fits poorly on your strangely shaped body.
Your system is resistant to poisons. (rPois)
You cover ground very slowly.
You can spit poison.
You have a snake-like lower body.


Message History

Aiming: Spit Poison (2% risk of failure)
Press: ? - help, Shift-Dir - straight line, f - endoplasm
Aim: an endoplasm (asleep, 100% to hit)
The splash of poison hits the endoplasm.
The endoplasm is moderately wounded.
The endoplasm quivers.
Unknown command.
Casting: Magic Dart (safe; 2% risk of failure)
Confirm with . or Enter, or press ? or * to list all spells.
You don't know that spell.
Unknown command.
Unknown command.
Casting: Magic Dart (safe; 2% risk of failure)
Confirm with . or Enter, or press ? or * to list all spells.
You don't know that spell.
Unknown command.
Unknown command.
Casting: Magic Dart (safe; 2% risk of failure)
Confirm with . or Enter, or press ? or * to list all spells.
Aiming: Magic Dart (safe; 2% risk of failure)
Press: ? - help, Shift-Dir - straight line, f/p - endoplasm
Aim: an endoplasm (moderately wounded, 100% to hit)
The magic dart hits the endoplasm.
The endoplasm is heavily wounded.
Unknown command.
Okay, then.
You hit the endoplasm.
The endoplasm is almost dead.
The endoplasm hits you.
You hit the endoplasm but do no damage.
The endoplasm is almost dead.
The endoplasm barely misses you.
You barely miss the endoplasm.
The endoplasm is almost dead.
The endoplasm barely misses you.
You hit the endoplasm.
You kill the endoplasm!
You have got your breath back.
There is an open door here.
Are you sure you want to abandon this character and quit the game? (Confirm with "yes".)

#.# #†# ###...).
#.####.#########...####
#.#.......[........'...
#.#.##+#######.#...#.##
#...#....# #.#...#.##
####..##....#
#.#...#...
#....###....#
#.#...#### #.##.#
#....# #.#...#
#####.##.####@# #.#...#
#...>..#....#.# #.#####
#......#....#.# #.#
#......#....#.# #.#
####.#.#....#.### #.#
#.#.#........# #.#
#.#.##...#...# #.#
#.####.#.##...#...# #.#
#........######...# #.#


There were no monsters in sight!

Vanquished Creatures
  2 dart slugs (D:1)
  3 ball pythons (D:1)
  A bat (D:1)
  4 endoplasms (D:1)
  2 giant cockroaches (D:1)
  A goblin (D:1)
  A hobgoblin (D:1)
  4 kobolds (D:1)
  A frilled lizard (D:1)
  A rat (D:1)
20 creatures vanquished.

Notes
Turn   | Place    | Note
-------+----------+-------------------------------------------
     0 | D:1      | Meow the Naga Conjurer began the quest for the Orb.
     0 | D:1      | Reached XP level 1. HP: 15/15 MP: 3/3
   185 | D:1      | Reached XP level 2. HP: 22/22 MP: 0/5
   336 | D:1      | Got Xiahes's Writings on Collective Chilblains
   623 | D:1      | Reached XP level 3. HP: 28/28 MP: 7/7
   680 | D:1      | Quit the game

Illustrated notes

Levels and vault maps discovered:
D:1:      dpeg_arrival_oval, layout_basic, minmay_misc_feat_more_columns

Action                     || total
---------------------------++-------
  Melee: Whip              ||     5
   Cast: Magic Dart        ||    29
Ability: Spit Poison       ||     8
 Armour: Robe              ||     4
  Dodge: Dodged            ||     5

Table legend: (Time is in decaauts)
 A = Elapsed time spent in this place.
 B = Non-inter-level travel time spent in this place.
 C = Inter-level travel time spent in this place.
 D = Time resting spent in this place.
 E = Time spent auto-exploring this place.
 F = Levels seen in this place.
 G = Mean time per level.
                   A        B        C        D        E       F      G
               +--------+--------+--------+--------+--------+-----+--------+
         Total |    834 |    834 |      0 |    227 |    450 |   1 |  834.0 |
       Dungeon |    834 |    834 |      0 |    227 |    450 |   1 |  834.0 |
               +--------+--------+--------+--------+--------+-----+--------+

Top non-repeatable levels by time:
     D:1: 834 daAuts
